Map: Dreamcatcher LE

Players

Elazer - Winner!

  • Race: Zerg Zerg
  • League: Grandmaster
  • Spawn Location: 5:00

DeMusliM

  • Race: Terran Terran
  • League: Master
  • Spawn Location: 11:00

Event: HomeStory Cup XVII

VOD

Have the link to the VOD?

Description

Time

  • Played on: June 29, 2018, 6:41 a.m.
  • Length: 6:05

All games in this series

Show
View Real Time Build Order
Export as new Build Order

Elazer Zerg - Winner!

Build Orders: Hatch First 

Get SALT Encoding   

  12  0:00  Drone  
  13  0:12  Overlord  
  13  0:18  Drone  
  14  0:31  Drone x2  
  16  0:48  Hatchery  
  15  0:51  Drone  
  15  0:54  Drone  
  17  0:59  Drone  
  18  1:10  Extractor  
  17  1:13  Spawning Pool  
  17  1:16  Drone  
  17  1:20  Drone  
  18  1:28  Drone  
  19  1:38  Drone  
  20  1:50  Drone  
  21  1:59  Queen  
  21  2:00  Queen  
  21  2:01  Zergling x4  
  27  2:13  Hatchery  
  26  2:18  Overlord  
  26  2:21  Drone  
  27  2:25  Drone  
  28  2:30  Metabolic Boost  
  27  2:38  Drone x2  
  27  2:41  Drone  
  30  2:46  Queen  
  32  2:52  Overlord  
  32  2:55  Drone  
  32  2:57  Drone  
  34  2:59  Drone  
  35  3:11  Drone x2  
  35  3:12  Drone x3  
  40  3:15  Drone  
  41  3:21  Overlord  
  41  3:22  Queen  
  43  3:31  Queen  
  43  3:33  Zergling x4  
  48  3:34  Zergling x2  
  48  3:38  Overlord  
  48  3:39  Drone  
  49  3:42  Drone x2  
  49  3:43  Drone  
  49  3:45  Drone  
  53  3:51  Overlord  
  53  3:53  Drone  
  53  3:54  Drone x2  
  56  3:59  Drone x3  
  56  4:01  Drone  
  60  4:05  Overlord  
  60  4:10  Queen  
  60  4:14  Zergling x4  
  60  4:15  Spore Crawler  
  63  4:21  Roach Warren  
  63  4:22  Queen  
  64  4:24  Zergling x2  
  64  4:27  Drone x2  
  64  4:28  Drone  
  64  4:30  Drone  
  69  4:34  Overlord  
  69  4:36  Drone x3  
  72  4:39  Overlord  
  72  4:40  Drone  
  72  4:43  Overlord  
  73  4:46  Lair  
  73  4:51  Spore Crawler  
  73  4:52  Drone  
  73  4:53  Overlord  
  73  4:58  Queen  
  73  4:59  Queen  
  77  5:02  Overlord  
  77  5:04  Drone  
  78  5:20  Roach x7  
  89  5:23  Overlord  
  84  5:35  Roach x5  
  90  5:40  Zergling x6  
  91  5:48  Zergling x10  
Show
View Real Time Build Order
Export as new Build Order

DeMusliM Terran 

Build Orders: Liberator Opening, Reaper Expand 

Get SALT Encoding   

  12  0:00  SCV  
  13  0:13  SCV  
  14  0:17  Supply Depot  
  14  0:25  SCV  
  15  0:38  SCV  
  15  0:39  Barracks  
  16  0:44  Refinery  
  16  0:50  SCV  
  17  1:03  SCV  
  18  1:15  SCV  
  19  1:27  Orbital Command, Reaper  
  20  1:40  Command Center  
  20  1:48  Supply Depot  
  20  1:54  SCV  
  21  1:58  Marine  
  22  2:06  SCV  
  22  2:08  Factory  
  23  2:14  Refinery  
  23  2:18  SCV  
  23  2:20  Barracks Reactor  
  24  2:30  SCV  
  25  2:42  SCV  
  26  2:52  Orbital Command  
  26  2:54  SCV  
  26  2:55  Starport  
  27  3:00  Hellion  
  27  3:01  Hellion  
  31  3:06  Supply Depot, SCV  
  31  3:08  Barracks Tech Lab  
  32  3:17  SCV  
  32  3:18  SCV  
  34  3:22  Hellion x2  
  38  3:30  SCV  
  38  3:32  Medivac  
  38  3:33  SCV  
  42  3:42  Supply Depot, SCV  
  42  3:43  Hellion x2  
  42  3:47  SCV  
  48  3:52  Liberator  
  48  3:54  SCV  
  49  3:59  Armory  
  49  4:03  SCV  
  49  4:05  Hellion x2  
  49  4:06  SCV  
  58  4:15  SCV  
  59  4:18  SCV  
  60  4:26  Hellion  
  60  4:29  Hellion, Supply Depot  
  64  4:31  SCV x2  
  66  4:43  SCV x2  
  68  4:51  Command Center  
  68  4:55  Starport Tech Lab  
  68  5:00  SCV  
  68  5:01  SCV  
  70  5:11  Factory Reactor  
  70  5:13  SCV x2  
  72  5:25  SCV x2  
  72  5:27  Barracks  
  71  5:33  Starport Reactor  
  71  5:34  Marine  
  66  5:37  SCV x2  
  66  5:49  SCV x2  
Tags
 
Add a new tag
Caveats
  • Supply blocks, unpowered buildings, or Contaminate may cause inaccurate times.
  • Supply counts are checked every 10 seconds.